 Dungeon Crawl Stone Soup version 0.23-a0-151-gf6d1ed2 (webtiles) character file.

90 CelticWarrior the Chopper (level 4, -2/31 HPs)
             Began as an Octopode Berserker on Sept 7, 2018.
             Was a Believer of Trog.
             Killed from afar by an orc wizard (7 damage)
             ... with a magic dart
             ... on level 4 of the Dungeon.
             The game lasted 00:02:47 (1373 turns).

CelticWarrior the Chopper (Octopode Berserker)      Turns: 1373, Time: 00:02:48

Health: -2/31      AC:  1    Str: 17    XL:     4   Next: 56%
Magic:  4/4        EV: 14    Int:  9    God:    Trog [**....]
Gold:   78         SH:  0    Dex: 11    Spells: 3/3 levels left

rFire    . . .     SeeInvis .   a - +1 hand axe
rCold    . . .     Gourm    .   (no shield)
rNeg     . . .     Faith    .   (helmet restricted)
rPois    .         Spirit   .   (no amulet)
rElec    .         Reflect  .   (no ring)
rCorr    .         Harm     .   (no ring)
MR       .....                  (no ring)
Stlth    +++.......             (no ring)
HPRegen  0.10/turn              (no ring)
MPRegen  0.09/turn              (no ring)
                                (no ring)
                                (no ring)

@: no status effects
A: almost no armour, stealthy swim, amphibious, 8 rings, constrict 8, camouflage
1, gelatinous body 1
a: Berserk, Trog's Hand, Renounce Religion


You were on level 4 of the Dungeon.
You worshipped Trog.
Trog was pleased with you.
You were hungry.

You visited 1 branch of the dungeon, and saw 3 of its levels.

You collected 78 gold pieces.

Inventory:

Hand Weapons
 a - a +1 hand axe (weapon)
Scrolls
 c - a scroll of enchant weapon
 d - a scroll of teleportation
Comestibles
 b - 3 rations


   Skills:
 + Level 3.2 Fighting
 * Level 4.1 Axes
 * Level 3.7 Dodging
 + Level 1.9 Stealth


You had 3 spell levels left.
You didn't know any spells.
Your spell library was empty.

Dungeon Overview and Level Annotations

Branches:
Dungeon (2/15)

Altars:


Innate Abilities, Weirdness & Mutations

You cannot wear most types of armour.
You are very stealthy in the water. (Stealth+)
You are amphibious.
You can wear up to eight rings at the same time.
You can use your tentacles to constrict eight enemies at once.
Your skin changes colour to match your surroundings (Stealth+).
Your rubbery body absorbs attacks. (AC +1, EV +1)


Message History

You hit the orc wizard but do no damage.
The orc wizard is lightly wounded.
You miss something. You hit the orc. You constrict the orc wizard.
Something barely misses you. The orc misses you.
The orc wizard closely misses you.
You barely miss the orc wizard.
The orc wizard is lightly wounded.
You barely miss the orc. You closely miss something.
You constrict the orc wizard. Something hits you but does no damage.
The orc barely misses you. The orc wizard closely misses you.
You hit the orc wizard but do no damage.
The orc wizard is moderately wounded.
You hit something. You barely miss the orc. You constrict the orc wizard.
Something hits you.
* * * LOW HITPOINT WARNING * * *
The orc barely misses you. The orc wizard misses you.
You hear some strange, mumbled words.
A magic dart appears from out of thin air!
The magic dart hits you!
You die...

..## #..# # #..## ##
#...######. #.........
####.........
########^...........
...##.o.................
.....lo@....######......
.......)##### #..###.
.....#### #...# ## .....
#..## .... #..# ..# #..#
.# ..##


You could see an iguana, an orc wizard and an orc.

Vanquished Creatures
  An orc priest (D:4)
  A dart slug (D:2)
  2 leopard geckos
  An orc (D:4)
  5 bats
  3 giant cockroaches
  8 hobgoblins
  4 jackals (D:2)
  A quokka (D:2)
  3 ball pythons (D:1)
  4 frilled lizards
  9 goblins
  2 kobolds
  5 rats
49 creatures vanquished.

Notes
Turn   | Place    | Note
-------+----------+-------------------------------------------
     0 | D:1      | CelticWarrior the Octopode Berserker began the quest for
                  | the Orb.
     0 | D:1      | Reached XP level 1. HP: 16/16 MP: 1/1
   127 | D:1      | Reached XP level 2. HP: 16/21 MP: 2/2
   394 | D:1      | Reached XP level 3. HP: 21/26 MP: 3/3
   501 | D:1      | Reached ** piety under Trog
   714 | D:1      | Reached skill level 1 in Stealth
  1201 | D:2      | Reached XP level 4. HP: 28/31 MP: 4/4
  1293 | D:2      | You fall through a shaft for 2 floors!
  1369 | D:4      | Reached skill level 4 in Axes
  1373 | D:4      | Killed from afar by an orc wizard

Vault maps used:
D:1:      nzn_arrival_depleted_hourglass
D:4:      kennysheep_mini, lemuel_zombie_altar_kikubaaqudgha,
          gammafunk_temple_overflow_claw, first_ration,
          nicolae_ossuary_entry_giza

Skill      XL: |  1  2  3  4 |
---------------+-------------+-----
Stealth        | 1 |  1.9
Axes           | 4 |  4.1
Fighting       | |  3.2
Dodging        | |  3.7

Action                   |  1- 3 |  4- 6 || total
-------------------------+-------+-------++-------
Melee: Hand axe          |    76 |    10 ||    86
       Constrict         |    22 |     2 ||    24
       Tentacles         |    10 |     1 ||    11
  Use: Scroll            |     3 |     1 ||     4
 Stab: Sleeping          |    15 |       ||    15
  Eat: Chunk             |       |     1 ||     1
Armor: Skin              |     2 |       ||     2
Dodge: Dodged            |    46 |    15 ||    61

Table legend:
 A = Non-vault XP
 B = Vault XP
 C = Vault XP percentage of total XP
 D = Non-vault monster count
 E = Vault monster count
 F = Vault count percentage of total count
                 A         B        C        D         E       F
            +---------+---------+-------+---------+---------+-------
      Total |     129 |       0 |   0.0 |      49 |       0 |   0.0
            +---------+---------+-------+---------+---------+-------
        D:1 |      54 |       0 |   0.0 |      32 |       0 |   0.0
        D:2 |      29 |       0 |   0.0 |      15 |       0 |   0.0
        D:4 |      46 |       0 |   0.0 |       2 |       0 |   0.0
            +---------+---------+-------+---------+---------+-------
